 Dungeon Crawl Stone Soup version 0.31.0-11-ge490571c62 (webtiles) character file.

Game seed: 4870762769918738385

29133 protoss039 the Fighter (level 13, -7/106 HPs)
             Began as a Demonspawn Earth Elementalist on Jan 30, 2024.
             Was a High Priest of Vehumet.
             Mangled by an eight-headed hydra (10 damage)
             ... on level 4 of the Lair of Beasts.
             The game lasted 00:38:23 (14361 turns).

protoss039 the Fighter (DsEE)                      Turns: 14361, Time: 00:38:24

Health: -7/106     AC: 16    Str:  8    XL:     13   Next: 13%
Magic:  35/35      EV: 11    Int: 20    God:    Vehumet [*****.]
Gold:   1023       SH:  0    Dex: 15    Spells: 12/31 levels left

rFire   + . .        Y - +8 frozen axe "Frostbite" {freeze, freezing cloud, *Noise Fly rC+}
rCold   + + +        (shield currently unavailable)
rNeg    . . .        M - +0 swamp dragon scales
rPois   +            D - +2 hat
rElec   .            S - scarf {rC+ rF+}
rCorr   +            X - +2 pair of gloves
SInv    .            (no boots)
Will    +....        Z - amulet of Cydarout {rC+ Regen+ rCorr}
Stlth   ++           W - ring of magical power
HPRegen 1.17/turn    N - ring of willpower
MPRegen 0.24/turn

%: no passive effects
@: flying
A: molten scales 1, ignite blood 1, demonic magic 2, demonic touch 1
a: Renounce Religion


You were on level 4 of the Lair of Beasts.
You worshipped Vehumet.
Vehumet was extremely pleased with you.
You visited 3 branches of the dungeon, and saw 18 of its levels.
You also visited: Sewer and Bailey.

You collected 1023 gold pieces.

Inventory:

Hand Weapons
 a - a +6 dagger of venom
 s - the +6 whip of Paughoij {drain, SInv}
   (You found it on level 3 of the Dungeon)

   SInv:      It lets you see invisible.
 O - the +4 halberd "Vihiep" {venom, Int+6 Dex+4}
   (You found it on level 8 of the Dungeon)

   Int+6:     It affects your intelligence (+6).
   Dex+4:     It affects your dexterity (+4).
 R - a +1 hand axe of flaming
 Y - the +8 frozen axe "Frostbite" (weapon) {freeze, freezing cloud, *Noise Fly rC+}
   (You found it on level 13 of the Dungeon)

   rC+:       It protects you from cold.
   Fly:       It grants you flight.
   *Noise:    It may make a loud noise when swung.
Missiles
 V - 2 throwing nets
Armour
 h - the +2 ring mail of the Guild-Master {MP+9}
   (You found it on level 11 of the Dungeon)

   MP+9:      It affects your magic capacity (+9).
 w - a +2 ring mail of fire resistance
 D - a +2 hat (worn)
 M - +0 swamp dragon scales (worn)
 Q - a +1 robe of resistance
 S - a scarf of resistance (worn)
 X - a +2 pair of gloves (worn)
Jewellery
 k - a +6 ring of strength
 A - a ring of protection from fire
 F - a ring of wizardry
 N - a ring of willpower (right hand)
 W - a ring of magical power (left hand)
 Z - the amulet of Cydarout (around neck) {rC+ Regen+ rCorr}
   (You found it on level 14 of the Dungeon)

   [amulet of regeneration]

   rC+:       It protects you from cold.
   Regen+:    It increases your rate of health regeneration.
   rCorr:     It protects you from acid and corrosion.
Wands
 t - a wand of roots (6)
 x - a wand of flame (10)
 y - a wand of polymorph (13)
 B - a wand of mindburst (15)
 H - a wand of paralysis (8)
 U - a wand of digging (7)
Scrolls
 e - 2 scrolls of silence {unknown}
 g - 5 scrolls of poison {unknown}
 l - 2 scrolls of identify
 n - 15 scrolls of teleportation
 o - 3 scrolls of immolation
 q - 2 scrolls of fog
 u - 3 scrolls of fear
 v - 4 scrolls of blinking
 C - 4 scrolls of butterflies {unknown}
 E - a scroll of amnesia {unknown}
 I - 2 scrolls of enchant armour {unknown}
 T - a scroll of revelation {unknown}
Potions
 b - 3 potions of magic
 c - 2 potions of lignification
 d - 5 potions of mutation
 f - 5 potions of might {unknown}
 i - 6 potions of cancellation
 j - 9 potions of heal wounds
 m - 9 potions of curing
 p - 4 potions of resistance {unknown}
 r - 6 potions of haste {unknown}
 z - a potion of attraction {unknown}
 G - 3 potions of enlightenment {unknown}
 J - a potion of degeneration {unknown}
 P - 4 potions of brilliance {unknown}


   Skills:
 + Level 11.2 Fighting
 - Level 4.4 Short Blades
 + Level 7.6 Armour
 - Level 3.0 Dodging
 - Level 3.0 Stealth
 - Level 3.0 Shields
 + Level 9.9 Spellcasting
 - Level 6.0 Conjurations
 + Level 5.5 Fire Magic
 - Level 9.0 Earth Magic


You had 12 spell levels left.
You knew the following spells:

 Your Spells              Type           Power      Damage    Failure   Level
a - Sandblast             Erth           92%        2d19      1%          1
b - Passwall              Erth           46%        N/A       1%          3
c - Stone Arrow           Conj/Erth      80%        3d12      1%          3
d - Inner Flame           Hex/Fire       21%        N/A       4%          3
e - Lee's Rapid Deconstr  Erth           23%        3d13*     3%          5
f - Flame Wave            Conj/Fire      33%        2d10      4%          4

Your spell library contained the following spells:

 Spells                   Type           Power      Damage    Failure   Level
 Magic Dart               Conj           100%       1d8       1%          1
 Brom's Barrelling Bould  Conj/Erth      40%        2d6       2%          4
 Hailstorm                Conj/Ice       21%        3d7       4%          3
 Blink                    Tloc           18%        N/A       28%         2
 Call Imp                 Summ           18%        N/A       28%         2
 Petrify                  Alch/Erth      28%        N/A       28%         4
 Summon Ice Beast         Ice/Summ       9%         N/A       50%         3
 Summon Forest            Summ/Tloc      4%         N/A       99%         5
 Summon Mana Viper        Hex/Summ       9%         N/A       99%         5
 Sculpt Simulacrum        Ice/Alch       4%         N/A       100%        6
 Summon Cactus Giant      Summ           4%         N/A       100%        6


Dungeon Overview and Level Annotations

Branches:
Dungeon (14/15) Zot: 26623  Temple (1/1) D:7 Zot: 5998    Lair (2/5) D:10 Zot: 16619
    Orc (0/2) D:11          Sewer (visited)          Bailey (visited)
  Swamp: Lair:2-3    Shoals: Lair:2-3     Snake: Lair:2-3    Spider: Lair:2-3
 Vaults: D:13-14

Altars:
Ashenzari
Cheibriados
Dithmenos
Fedhas
Gozag
Hepliaklqana
Kikubaaqudgha
Makhleb
Nemelex Xobeh
Okawaru
Qazlal
Ru
Sif Muna
Trog
Uskayaw
Vehumet
Wu Jian
Xom
Yredelemnul

Annotations:
D:4 1 exclusion
D:9 1 runed translucent door, exclusions: obsidian statue and orange crystal statue, heinrich's ghost, novice TrMo
D:11 1 runed translucent door, Raspi's ghost, journeyman DjCj
D:12 2 transporters, Skimidon's ghost, journeyman VSMo


Innate Abilities, Weirdness & Mutations

You are partially covered in molten scales. (AC +2)
Your demonic aura sometimes causes spilled blood to erupt in flames.
Spells you cast may paralyse nearby enemies.
Your touch may inflict minor irresistible damage on your foes.


Message History

You slice the dream sheep!! You freeze the dream sheep.
Vehumet accepts your kill.
You feel your power returning.
The helpless komodo dragon fails to defend itself.
You hit the komodo dragon. You freeze the komodo dragon.
You barely miss the death yak. You hit the eight-headed hydra.
You freeze the eight-headed hydra.
The dream sheep explodes!
You hear a sizzling sound!
The fiery explosion engulfs the dream sheep!!!
You kill the dream sheep!
Vehumet accepts your kill.
You feel your power returning. The fiery explosion engulfs you!! You resist.
The fiery explosion engulfs the komodo dragon!!
You kill the komodo dragon!
Vehumet accepts your kill.
The fiery explosion engulfs the death yak!!
The death yak is heavily wounded.
The fiery explosion engulfs the eight-headed hydra!!!
The eight-headed hydra is almost dead.
You hear a sizzling sound!
The dream sheep is no longer paralysed.
A death yak comes into view.
The death yak is engulfed in blazing flames.
The death yak gores you.
The death yak is engulfed in blazing flames.
The death yak gores you!
* * * LOW HITPOINT WARNING * * *
The death yak is engulfed in blazing flames.
The death yak gores you but does no damage.
The eight-headed hydra bites you but does no damage.
The eight-headed hydra closely misses you.
The eight-headed hydra bites you.
* * * LOW HITPOINT WARNING * * *
The eight-headed hydra bites you!
* * * LOW HITPOINT WARNING * * *
The eight-headed hydra bites you!
* * * LOW HITPOINT WARNING * * *
The eight-headed hydra bites you!
You die...

................##
.................#
...............#
P............#
#........P..# .#..#
##.........## ...#.##
#...........# ...P..#
##YY........# .....##
##.@°..#...P##
.P..P####§§D°Y......$#
##..##.###YYY.P.....##
#.........Y.☼.......#
#.........Y.........##
##...................#
###..P.....#..##......#
###
#P..#.........##....#.#
#.###.P.............#...#
#


You could see 5 death yaks, an eight-headed hydra (slow), 2 yaks and a dream
sheep.

Vanquished Creatures
  Snorg (Lair:4)
  Josephine (D:13)
  A catoblepas (Lair:2)
  A hydra (D:13)
  3 boulder beetles
  6 two-headed ogres
  A skyshark (Lair:2)
  A glowing orange brain (D:14)
  A deep troll (D:10)
  Pikel (D:8)
  An orc knight (Bailey)
  An oklob plant (Lair:1)
  A cyclops (D:13)
  2 black mambas (Lair:2)
  4 slime creatures (D:12)
  Joseph (D:8)
  2 cane toads (Lair:1)
  Maggie (D:7)
  6 kobold demonologists
  A komodo dragon (Lair:4)
  A polar bear (Lair:1)
  2 trolls (D:11)
  Prince Ribbit (D:8)
  A hornet (D:10)
  6 dream sheep (Lair:4)
  4 shadows
  2 vampires
  15 yaks
  4 wyverns
  7 wraiths
  2 basilisks
  2 vampire mosquitoes (D:13)
  7 water moccasins
  Pargi (Sewer)
  A sky beast (D:4)
  5 orc warriors
  2 laughing skulls (D:14)
  3 ogres
  4 wolves (Lair:1)
  A phantom (D:5)
  2 centaurs
  9 kobold brigands
  4 bullfrogs
  A brain worm (Sewer)
  6 gnoll sergeants
  4 scorpions
  9 wights
  21 killer bees
  2 howler monkeys
  2 bombardier beetles
  6 jellies
  4 quasits (D:4)
  4 hounds
  A gnoll bouda (D:7)
  6 orc priests
  2 iguanas (D:5)
  2 sleepcaps (D:5)
  Jessica (D:2)
  Natasha (thrice) (D:3)
  5 orc wizards
  8 adders
  24 gnolls
  3 white imps
  2 ufetubi (D:6)
  A dart slug (D:4)
  3 ribbon worms
  48 orcs
  16 ball pythons
  8 endoplasms
  7 giant cockroaches
  5 goblins
  5 hobgoblins
  2 quokkas
  6 bats
  7 frilled lizards
  40 kobolds
  7 rats
394 creatures vanquished.

Notes
Turn   | Place    | Note
-------+----------+-------------------------------------------
     0 | D:1      | protoss039 the Demonspawn Earth Elementalist began the
                  | quest for the Orb.
     0 | D:1      | Reached XP level 1. HP: 13/13 MP: 3/3
   221 | D:1      | Found a faded altar of an unknown god.
   240 | D:1      | Gained mutation: Your touch may inflict minor irresistible
                  | damage on your foes. [demonic ancestry]
   240 | D:1      | Reached XP level 2. HP: 17/20 MP: 1/5
   332 | D:1      | Reached skill level 1 in Fighting
   812 | D:2      | Gained mutation: You are partially covered in molten
                  | scales. (AC +2) [demonic ancestry]
   812 | D:2      | Reached XP level 3. HP: 24/26 MP: 3/6
  1286 | D:2      | Reached skill level 1 in Short Blades
  1334 | D:2      | Reached skill level 2 in Fighting
  1334 | D:2      | Reached XP level 4. HP: 32/33 MP: 5/7
  1615 | D:2      | Noticed Jessica
  1622 | D:2      | Killed Jessica
  1786 | D:3      | Identified the +6 whip of Paughoij {drain, SInv}
  1819 | D:3      | Noticed Natasha
  1826 | D:3      | Killed Natasha
  1827 | D:3      | Reached XP level 5. HP: 39/39 MP: 9/9
  1840 | D:3      | Noticed Natasha
  1851 | D:3      | Killed Natasha
  2029 | D:3      | Noticed Natasha
  2040 | D:3      | Killed Natasha
  2248 | D:3      | Reached skill level 3 in Fighting
  2248 | D:3      | Reached skill level 1 in Armour
  2248 | D:3      | Gained mutation: Spells you cast may paralyse adjacent
                  | enemies. [demonic ancestry]
  2248 | D:3      | Reached XP level 6. HP: 44/47 MP: 10/10
  2362 | D:4      | Found a radiant altar of Vehumet.
  2370 | D:4      | Became a worshipper of Vehumet
  2408 | D:4      | Found a stormy altar of Qazlal.
  2408 | D:4      | Noticed a sky beast
  2417 | D:4      | Killed a sky beast
  2571 | D:4      | Learned a level 3 spell: Passwall
  2580 | D:4      | Found a shadowy altar of Dithmenos.
  2730 | D:4      | Found a glowing drain.
  2734 | Sewer    | Entered a sewer
  2771 | Sewer    | Noticed Pargi
  2780 | Sewer    | Killed Pargi
  2781 | Sewer    | Reached XP level 7. HP: 40/53 MP: 9/12
  2802 | Sewer    | Reached skill level 4 in Fighting
  2947 | D:4      | Reached * piety under Vehumet
  2947 | D:4      | Offered knowledge of Shock by Vehumet.
  2952 | D:4      | Learned a level 3 spell: Stone Arrow
  3377 | D:5      | Entered Level 5 of the Dungeon
  3451 | D:5      | Found a broken altar of Ashenzari.
  3457 | D:5      | Reached skill level 5 in Fighting
  3483 | D:5      | Gained mutation: Your demonic aura sometimes causes spilled
                  | blood to erupt in flames. [demonic ancestry]
  3483 | D:5      | Reached XP level 8. HP: 64/64 MP: 7/14
  3492 | D:5      | Reached skill level 6 in Fighting
  3578 | D:5      | Reached ** piety under Vehumet
  3738 | D:5      | Offered knowledge of Searing Ray by Vehumet.
  3743 | D:5      | Reached skill level 5 in Spellcasting
  3750 | D:5      | Reached skill level 7 in Fighting
  3784 | D:5      | Found a hazy altar of Hepliaklqana.
  4166 | D:5      | Found a sacrificial altar of Ru.
  4833 | D:6      | Found a sparkling altar of Nemelex Xobeh.
  5059 | D:7      | Reached skill level 8 in Fighting
  5337 | D:7      | Gained mutation: Spells you cast may paralyse nearby
                  | enemies. [demonic ancestry]
  5337 | D:7      | Reached XP level 9. HP: 74/74 MP: 14/17
  5689 | D:7      | Offered knowledge of Inner Flame by Vehumet.
  5819 | D:7      | Noticed Maggie
  5828 | D:7      | Killed Maggie
  5829 | D:7      | Reached skill level 9 in Fighting
  5998 | D:7      | Found a staircase to the Ecumenical Temple.
  6156 | Temple   | Entered the Ecumenical Temple
  6201 | D:7      | Learned a level 3 spell: Inner Flame
  6258 | D:8      | Reached *** piety under Vehumet
  6329 | D:8      | Noticed Prince Ribbit
  6337 | D:8      | Killed Prince Ribbit
  6368 | D:8      | Found a flagged portal.
  6374 | D:8      | Identified the +4 halberd "Vihiep" {venom, Int+6 Dex+4}
  6382 | D:8      | Noticed Joseph
  6387 | D:8      | Killed Joseph
  6445 | Bailey   | Entered a bailey
  6481 | Bailey   | Offered knowledge of Flame Wave by Vehumet.
  6487 | Bailey   | Learned a level 4 spell: Flame Wave
  6682 | Bailey   | Noticed an orc knight
  6689 | Bailey   | Killed an orc knight
  6690 | Bailey   | Reached XP level 10. HP: 78/83 MP: 14/20
  6848 | D:8      | Reached skill level 5 in Earth Magic
  6865 | D:8      | Noticed Pikel
  6873 | D:8      | Killed Pikel
  6881 | D:8      | Reached **** piety under Vehumet
  7025 | D:8      | Found a burning altar of Makhleb.
  7472 | D:9      | Noticed an obsidian statue
  7476 | D:9      | Offered knowledge of Volatile Blastmotes by Vehumet.
  7551 | D:9      | Reached skill level 5 in Armour
  7738 | D:9      | Noticed a two-headed ogre
  7742 | D:9      | Killed a two-headed ogre
  7770 | D:9      | Found an opulent altar of Gozag.
  7924 | D:9      | Found a runed translucent door.
  7925 | D:9      | Noticed heinrich's ghost (novice TrMo)
  8005 | D:9      | Noticed a two-headed ogre
  8011 | D:9      | Killed a two-headed ogre
  8126 | D:9      | Noticed an orange crystal statue
  8238 | D:9      | Found an ancient bone altar of Kikubaaqudgha.
  8313 | D:10     | Entered Level 10 of the Dungeon
  8323 | D:10     | Found a staircase to the Lair.
  8335 | D:10     | Reached XP level 11. HP: 89/89 MP: 17/23
  8386 | D:10     | Reached skill level 1 in Fire Magic
  9215 | D:10     | Noticed a deep troll
  9219 | D:10     | Killed a deep troll
  9626 | D:11     | Noticed a two-headed ogre
  9632 | D:11     | Killed a two-headed ogre
  9856 | D:11     | Noticed a boulder beetle
  9857 | D:11     | Identified the +2 ring mail of the Guild-Master {MP+9}
  9865 | D:11     | Killed a boulder beetle
 10116 | D:11     | Found a runed translucent door.
 10116 | D:11     | Noticed a deep troll earth mage
 10117 | D:11     | Noticed Raspi's ghost (journeyman DjCj)
 10231 | D:11     | Found a staircase to the Orcish Mines.
 10252 | D:11     | Reached ***** piety under Vehumet
 10252 | D:11     | Offered knowledge of Lee's Rapid Deconstruction by Vehumet.
 10444 | D:11     | Reached skill level 10 in Fighting
 10666 | D:11     | Learned a level 5 spell: Lee's Rapid Deconstruction
 10830 | D:12     | Noticed a two-headed ogre
 10837 | D:12     | Killed a two-headed ogre
 11131 | D:12     | Found a transporter.
 11190 | D:12     | Noticed a boulder beetle
 11197 | D:12     | Killed a boulder beetle
 11198 | D:12     | Reached skill level 1 in Shields
 11387 | D:12     | Found a transporter.
 11393 | D:12     | Noticed Skimidon's ghost (journeyman VSMo)
 11419 | D:12     | Reached XP level 12. HP: 67/97 MP: 16/24
 11861 | D:13     | Noticed a seven-headed hydra
 11864 | D:13     | Killed a seven-headed hydra
 11908 | D:13     | Noticed a two-headed ogre
 11926 | D:13     | Killed a two-headed ogre
 12143 | D:13     | Noticed a two-headed ogre
 12147 | D:13     | Killed a two-headed ogre
 12211 | D:13     | Found the +8 frozen axe "Frostbite" {freeze, freezing
                  | cloud, *Noise Fly rC+}
 12319 | D:13     | Noticed Josephine
 12323 | D:13     | Killed Josephine
 12652 | D:14     | Found a broken altar of Ashenzari.
 12676 | D:14     | Identified the amulet of Cydarout {rC+ Regen+ rCorr}
 12864 | D:14     | Noticed an ironbound preserver
 13022 | Lair:1   | Entered Level 1 of the Lair of Beasts
 13132 | Lair:1   | Noticed a boulder beetle
 13143 | Lair:1   | Reached skill level 5 in Conjurations
 13143 | Lair:1   | Killed a boulder beetle
 13403 | Lair:1   | Reached skill level 5 in Fire Magic
 13575 | Lair:1   | Reached skill level 11 in Fighting
 13725 | Lair:2   | Found an ornate altar of the Wu Jian Council.
 13831 | Lair:2   | Noticed a catoblepas
 13845 | Lair:2   | Killed a catoblepas
 13977 | Lair:2   | Reached XP level 13. HP: 106/106 MP: 26/26
 14175 | Lair:2   | You are sucked into a shaft and drop 2 floors!
 14239 | Lair:4   | Noticed Snorg
 14249 | Lair:4   | Killed Snorg
 14361 | Lair:4   | HP: 3/106 [eight-headed hydra (13)]
 14361 | Lair:4   | Mangled by an eight-headed hydra

Illustrated notes

Levels and vault maps discovered:
D:1:      lemuel_arrival_broad_hall, layout_basic,
          shapermc_ecumenical_altar_starsandcircs
D:2:      minmay_diamond_boxcup, layout_basic, uniq_jessica
D:3:      layout_rooms, minmay_misc_feat_cross, uniq_natasha
D:4:      cheibrodos_quashed, layout_loops_ring,
          nicolae_qazlal_beasts_of_the_sky, mainiacjoe_overflow_chevrons,
          kennysheep_mini_moat, mainiacjoe_sewer_entry_somewhere_in_here_2
D:5:      layout_basic, overflow_temple_1_default,
          nicolae_overflow_crystal_walls, lemuel_coloured_pillars_altar,
          nicolae_overflow_hidden_temple, chequers_serial_rivers_small_b,
          minmay_bent
D:6:      layout_rooms, mainiacjoe_overflow_paths, st_stairs_8
D:7:      layout_rooms, minmay_temple_entry_stoned_glass, minmay_curled_crystal,
          item_on_display_a, uniq_maggie
D:8:      layout_loops_ring, kennysheep_mini, enter_bailey_2,
          nicolae_nh_ransacked_shop, uniq_pikel, uniq_joseph,
          uniq_prince_ribbit1
D:9:      minmay_separated_statues, layout_basic, grunt_gozag_statues,
          gammafunk_temple_overflow_wave, gammafunk_ghost_grave
D:10:     dreamdust_cave_troll, layout_gridville,
          nicolae_tso_swordbearing_angel, lair_entry_dummy
D:11:     layout_stronghold, kennysheep_orc_monster_closet_entryway,
          ebering_ghost_inner_flame
D:12:     layout_long_grid, gammafunk_ghost_stat_death
D:13:     layout_rooms, nrook_campfire, corexii_hall_statues_x, minivault_26,
          uniq_josephine
D:14:     layout_loops_ring, hellmonk_vaults_order_and_chaos,
          hangedman_abyss_or_decor_stabs, ashenzari_conservatory_becter
Temple:   kb_temple_of_zot
Lair:1:   layout_hall_layers
Lair:2:   layout_cave_pods, basic_altar, grunt_megastairs_4, lemuel_fruit_tree
Lair:4:   layout_gridlike, slime_entry_2, serial_bayou_shore_a,
          lemuel_fruit_fields, uniq_snorg

Skill      XL: |  1  2  3  4  5  6  7  8  9 10 11 12 13 |
---------------+----------------------------------------+-----
Fighting       | 1 2 3 5 8 9 10 11 | 11.2
Earth Magic    | 3 4 7 9 |  9.0
Dodging        | 2 3 |  3.0
Short Blades   | 1 2 3 4 |  4.4
Spellcasting   | 3 4 5 6 8 9 |  9.9
Armour         | 1 2 3 4 5 6 7 |  7.6
Stealth        | 3 |  3.0
Conjurations   | 3 5 6 |  6.0
Fire Magic     | 3 5 |  5.5
Shields        | 1 3 |  3.0

Action                     |  1- 3 |  4- 6 |  7- 9 | 10-12 | 13-15 || total
---------------------------+-------+-------+-------+-------+-------++-------
  Melee: Spear             |    39 |       |       |       |       ||    39
         Touch             |     8 |    19 |    26 |    18 |       ||    71
         Dagger            |    38 |    81 |   108 |    99 |       ||   326
         Punch             |       |     2 |       |     1 |       ||     3
         Whip              |       |    12 |    27 |       |       ||    39
         Executioner's axe |       |       |       |    38 |     9 ||    47
   Cast: Sandblast         |    12 |     7 |   101 |    80 |       ||   200
         Passwall          |       |     1 |     4 |       |       ||     5
         Stone Arrow       |       |       |    45 |   163 |     9 ||   217
         Inner Flame       |       |       |       |    24 |     2 ||    26
  Evoke: Wand              |       |     1 |     2 |     8 |       ||    11
    Use: Scroll            |       |     4 |     8 |     4 |       ||    16
   Stab: Sleeping          |     5 |     2 |     7 |     1 |       ||    15
         Paralysed         |       |       |    38 |    49 |    10 ||    97
         Distracted        |       |       |     1 |       |       ||     1
 Armour: Leather armour    |    42 |    51 |   130 |       |       ||   223
         Ring mail         |       |     2 |       |       |       ||     2
         Swamp dragon scal |       |       |    27 |   224 |    26 ||   277
  Dodge: Dodged            |    37 |    69 |   144 |   140 |     9 ||   399
